 Adventure DCSS version bcrawl-1.27.3 (webtiles) character file.

Game seed: 12051486417129184754

62895 galech the Skirmisher (level 2, 24/24 HPs)
             Began as a Demonspawn Fighter on Aug 3, 2020.
             Quit the game on level 2 of the Dungeon.
             The game lasted 00:01:21 (1066 turns).

galech the Skirmisher (Demonspawn Fighter)          Turns: 1066, Time: 00:01:21

Health: 24/24      AC:  6    Str: 16    XL:     2   Next: 10%
Magic:  2/2        EV:  5    Int:  9    God:
Gold:   108        SH:  9    Dex: 13    Spells: 1/1 levels left
                                        Lives:  1   Deaths: 1

rFire    . . .     SeeInvis .   a - +0 war axe
rCold    + . .     Gourm    .   c - +0 medium shield
rNeg     . . .     Faith    .   b - +0 scale mail
rPois    .         Spirit   .   (no helmet)
rElec    .         Reflect  .   (no cloak)
rCorr    .         Harm     .   (no gloves)
MR       .....                  (no boots)
Stlth    ..........             (no amulet)
HPRegen  0.08/turn              m - ring of protection from cold
MPRegen  0.08/turn              (no ring)

@: no status effects
A: hooves 1, rot immunity
a: no special abilities


You were on level 2 of the Dungeon.
You were not hungry.

You visited 1 branch of the dungeon, and saw 2 of its levels.

You collected 108 gold pieces.

Inventory:

Hand Weapons
 a - a +0 war axe (weapon)
Armour
 b - a +0 scale mail (worn)
 c - a +0 medium shield (worn)
Jewellery
 m - a ring of protection from cold (left hand)
Scrolls
 h - 2 scrolls of amnesia {unknown}
 i - 2 scrolls of fear {unknown}
 k - 2 scrolls of identify
 l - a scroll of remove curse {unknown}
 o - a scroll of enchant weapon {unknown}
Potions
 d - a potion of might
 f - 2 potions of heal wounds {unknown}
 j - a potion of degeneration {unknown}
 n - a potion of curing {unknown}
Comestibles
 e - 7 rations {!d}
 g - 3 chunks of flesh


   Skills:
 + Level 3.4 Fighting
 + Level 2.2 Axes
 + Level 2.9 Armour
 + Level 0.1 Dodging
 + Level 3.0 Shields


You had one spell level left.
You didn't know any spells.
Your spell library was empty.

Dungeon Overview and Level Annotations

Branches:
Dungeon (2/12)

Altars:
Qazlal


Innate Abilities, Weirdness & Mutations

You have large cloven feet.
You are immune to rotting.


Message History

You slash the ogre!
The ogre is moderately wounded.
The ogre barely misses you.
You hit the ogre. You kick the ogre.
The ogre is severely wounded.
The ogre hits you with a +0 giant club!
Ouch! That really hurt!
You are too injured to fight recklessly!
You barely miss the ogre.
The ogre is severely wounded.
The ogre hits you with a +0 giant club.
You hit the ogre. You kick the ogre.
The ogre is almost dead.
The ogre hits you with a +0 giant club!
Ouch! That really hurt!
You die...
Xom reaches out...
You are now level 2!
You rejoin the land of the living...
Are you sure you want to abandon this character and quit the game? (Confirm with "yes".)

###.#########.
#..## #. #.## #.
#.# #. #+# #.# #.
#.# #.# #.
#####.###### #.# #.
.......<...###.# #.
#.......@....#
#.....##.#####
#..>..##.#
#.#.####.#
#.#.####.#
#........#
###.###### #.#
#####.#############


There were no monsters in sight!

Vanquished Creatures
  A dart slug (D:1)
  A leopard gecko (D:2)
  2 giant cockroaches
  3 goblins
  6 hobgoblins
  2 jackals (D:1)
  2 bats (D:1)
  8 frilled lizards
  2 kobolds (D:1)
  A rat (D:2)
28 creatures vanquished.

Notes
Turn   | Place    | Note
-------+----------+-------------------------------------------
     0 | D:1      | galech the Demonspawn Fighter began the quest for the Orb.
     0 | D:1      | Reached XP level 1. HP: 18/18 MP: 1/1
   230 | D:1      | Gained mutation: You are immune to rotting. [demonic
                  | ancestry]
   230 | D:1      | Reached XP level 2. HP: 22/24 MP: 2/2
   634 | D:2      | Found a stormy altar of Qazlal.
   941 | D:2      | Gained mutation: You have large cloven feet. [demonic
                  | ancestry]
   941 | D:2      | Reached XP level 3. HP: 16/29 MP: 3/3
  1059 | D:2      | Noticed an ogre
  1065 | D:2      | Mangled by an ogre
  1066 | D:2      | Reached XP level 2. HP: -6/24 MP: 2/2
  1066 | D:2      | Quit the game

Skill      XL: |  1  2 |
---------------+-------+-----
Axes           | 2 |  2.2
Shields        | 3 |  3.0
Fighting       | |  3.4
Armour         | |  2.9
Dodging        | |  0.1

Action                   || total
-------------------------++-------
Melee: War axe           ||   122
       Kick              ||     3
  Eat: Chunk             ||     5
Armor: Scale mail        ||    63
Dodge: Dodged            ||    28
Block: Medium shield     ||    71
